 Dungeon Crawl Stone Soup version 0.29-a0-1065-g47a6bb87d6 (webtiles) character file.

Game seed: 18310491857754724385

2335 Zeldest the Insei (level 10, -22/97 HPs)
             Began as a Meteoran Transmuter on Aug 18, 2022.
             Was a High Priest of Cheibriados.
             Annihilated by an orc warlord
             ... wielding a +5 broad axe
              (29 damage)
             ... in a bailey.
             The game lasted 00:19:24 (2059 turns).

Zeldest the Insei (Meteoran Transmuter)             Turns: 2059, Time: 00:19:25

Health: -22/97     AC:  9    Str: 26    XL:     10   Next: 1%
Magic:  18/18      EV: 11    Int: 27    God:    Cheibriados [*****.]
Gold:   210        SH:  0    Dex: 26    Spells: 12/19 levels left

rFire   x . .      SeeInvis .     - Unarmed
rCold   + + +      Faith    .   (shield currently unavailable)
rNeg    . . .      Spirit   .   (body armour currently unavailable)
rPois   +          Reflect  .   (helmet currently unavailable)
rElec   .          Harm     .   (cloak currently unavailable)
rCorr   .          Rampage  .   (gloves currently unavailable)
Will    +....                   (boots currently unavailable)
Stlth   +.........              (no amulet)
HPRegen 0.26/turn               (no ring)
MPRegen 0.16/turn               (no ring)

@: ice-form, wereblooded, glowing, very slow
A: freezing attack, amphibious, boosted hp, large, sense surroundings 2,
otherworldly, glowing, explore regen
a: End Transformation, Renounce Religion, Bend Time, Temporal Distortion,
Slouch, Step From Time


You were in a bailey.
You worshipped Cheibriados.
Cheibriados was extremely pleased with you.
You were a creature of crystalline ice.
You visited 1 branch of the dungeon, and saw 7 of its levels.
You also visited: Sewer, Ossuary and Bailey.

You collected 210 gold pieces.

Inventory:

Hand Weapons
 l - a +4 dagger
Armour
 a - a +0 robe (melded)
 q - a +1 cloak (melded)
Magical Staves
 x - a staff of death
Wands
 i - a wand of flame (6)
Scrolls
 b - 3 scrolls of acquirement {unknown}
 d - a scroll of noise {unknown}
 e - a scroll of immolation {unknown}
 g - 3 scrolls of teleportation
 h - 5 scrolls of butterflies
 j - a scroll of fear
 k - a scroll of poison {unknown}
 o - a scroll of torment {unknown}
 t - 2 scrolls of enchant weapon {unknown}
 u - 2 scrolls of enchant armour
 w - 2 scrolls of blinking
 y - a scroll of summoning {unknown}
Potions
 c - 3 potions of brilliance
 f - a potion of curing
 m - 3 potions of might
 n - a potion of heal wounds {unknown}
 r - 4 potions of magic
 s - a potion of experience {unknown}
 v - 2 potions of cancellation {unknown}


   Skills:
 + Level 5.5 Fighting
 - Level 2.4 Dodging
 + Level 6.9 Unarmed Combat
 - Level 5.0 Spellcasting
 * Level 4.4 Necromancy
 + Level 6.4 Transmutations
 + Level 4.9 Ice Magic
 + Level 6.1 Invocations


You had 12 spell levels left.
You knew the following spells:

 Your Spells              Type           Power      Damage    Failure   Level
a - Beastly Appendage     Tmut           82%        N/A       1%          1
b - Wereblood             Tmut           41%        N/A       1%          2
c - Ice Form              Ice/Tmut       37%        N/A       7%          4

Your spell library contained the following spells:

 Spells                   Type           Power      Damage    Failure   Level
 Spider Form              Tmut/Pois      24%        N/A       6%          3
 Animate Dead             Necr           30%        N/A       12%         4
 Haunt                    Necr/Summ      9%         N/A       100%        7
 Infestation              Necr           15%        N/A       100%        8


Dungeon Overview and Level Annotations

Branches:
Dungeon (7/15) Zot: 4391    Sewer (visited)         Ossuary (visited)
 Bailey (1/1) Zot: 588
 Temple: D:4-7

Altars:
Cheibriados
Dithmenos
The Shining One


Innate Abilities, Weirdness & Mutations

You are a creature of crystalline ice.
You have a powerful freezing melee attack.
You are amphibious.
Your maximum health is increased.
Your armour is entirely melded.
You are incapable of wielding weapons or throwing items.
You passively map the area around you.
You are easily found by Zot.
You glow in the dark.
You regain HP and MP as you explore.


Message History

Memorise Spider Form, consuming 3 spell levels and leaving 8?
You howl as the wereblood boils in your veins!
You start memorising the spell.
You continue memorising. x3
The orc warrior hits you with a +0 war axe!
Your memorisation is interrupted.
You punch the orc warrior! You freeze the orc warrior.
The orc warrior is heavily wounded.
The orc warrior barely misses you.
You hit the orc warrior. You freeze the orc warrior.
The orc warrior is severely wounded.
Aiming: Quicksilver Bolt
Press: ? - help, Shift-Dir - straight line, f - orc warrior
Aim: an orc warrior, wielding a +0 war axe and wearing a +0 chain mail (severely wounded, strong, 68% to hit)
The bolt of dispelling energy hits the orc warlord.
The orc warlord is lightly wounded.
The bolt of dispelling energy hits the orc warrior!
You kill the orc warrior!
Cheibriados thoroughly appreciates the change of pace.
The now-empty wand crumbles to dust.
You have reached level 10!
You punch the orc warlord! You freeze the orc warlord.
The orc warlord is lightly wounded.
You howl as the wereblood boils in your veins!
The orc warlord hits you with a +5 broad axe!!
You punch the orc warlord! You freeze the orc warlord!
The orc warlord is moderately wounded.
You pummel the orc warlord!! You freeze the orc warlord.
The orc warlord is severely wounded.
The orc warlord hits you with a +5 broad axe!
You punch the orc warlord! You freeze the orc warlord.
The orc warlord is severely wounded.
The orc warlord closely misses you.
You hit the orc warlord but do no damage.
The orc warlord is severely wounded.
The orc warlord hits you with a +5 broad axe!!
* * * LOW HITPOINT WARNING * * *
You punch the orc warlord! You freeze the orc warlord.
The orc warlord is almost dead.
The orc warlord hits you with a +5 broad axe!!
You die...

♣♣.....♣♣###.....###.###
,..o###.
♣.......##.........###
...o.##
♣.......#...........#, ,
.....##
........'...........# ,
......#
...∩.∩..'.....⌠.....#
,...)..)
♣.......'..)........#,
......#
........#..)........# ,
....o #
♣♣......##.).......### ,
...., #
♣.....♣♣###....Y###.###,
... ##. ♣..♣.♣♣
###.#o#.....###.###...
♣♣♣♣♣♣
###gg.......###.....
#...........#......
#...........#......
#.....⌠.o...#)....o
#...........').g...
#...........#.o....
##.........###.....


You could see an orc warlord, a gnoll and a goblin.

Vanquished Creatures
  An orc knight (Bailey)
  A water moccasin (D:6)
  7 orc warriors (Bailey)
  An ice beast (D:7)
  2 bullfrogs (Sewer)
  2 necrophages
  4 centaur zombies (Ossuary)
  A gnoll bouda (D:5)
  A jelly (D:6)
  2 hounds
  An iguana (D:6)
  5 mummies (Ossuary)
  11 gnolls
  14 adders
  6 river rats (Sewer)
  2 shadow imps
  A white imp (D:7)
  A worm (D:4)
  2 dart slugs
  23 orcs
  12 ball pythons
  2 endoplasms
  4 giant cockroaches
  11 goblins
  7 hobgoblins
  4 jackals (D:3)
  2 quokkas
  2 bats
  4 frilled lizards
  2 goblin zombies (D:6)
  6 hobgoblin zombies (Ossuary)
  4 kobolds
  18 rats
166 creatures vanquished.

Notes
Turn   | Place    | Note
-------+----------+-------------------------------------------
     0 | D:1      | Zeldest the Meteoran Transmuter began the quest for the
                  | Orb.
     0 | D:1      | Reached XP level 1. HP: 16/16 MP: 5/5
    91 | D:1      | Found a faded altar of an unknown god.
    97 | D:1      | Prayed at the altar of an unknown god.
    97 | D:1      | Became a worshipper of the Shining One
    97 | D:1      | Reached * piety under the Shining One
   113 | D:1      | Reached XP level 2. HP: 21/23 MP: 6/6
   186 | D:2      | Reached XP level 3. HP: 7/28 MP: 6/8
   188 | D:2      | Reached skill level 1 in Invocations
   191 | D:2      | HP: 2/43 [poisoned by an adder]
   337 | D:3      | Reached XP level 4. HP: 33/36 MP: 7/9
   383 | D:3      | Found a snail-covered altar of Cheibriados.
   383 | D:3      | Found a shadowy altar of Dithmenos.
   391 | D:3      | Fell from the grace of the Shining One
   391 | D:3      | Became a worshipper of Cheibriados the Contemplative
   500 | D:3      | Reached * piety under Cheibriados
   519 | D:3      | Learned a level 2 spell: Wereblood
   595 | D:4      | Reached XP level 5. HP: 41/41 MP: 6/11
   759 | D:5      | Entered Level 5 of the Dungeon
   789 | D:5      | Reached skill level 1 in Ice Magic
   814 | D:5      | Noticed a necrophage
   825 | D:5      | Killed a necrophage
   826 | D:5      | Reached XP level 6. HP: 30/50 MP: 9/12
   990 | D:6      | Noticed a water moccasin
  1003 | D:6      | Killed a water moccasin
  1004 | D:6      | Reached XP level 7. HP: 34/57 MP: 14/14
  1062 | D:6      | Found a sand-covered staircase.
  1081 | Ossuary  | Entered an ossuary
  1085 | Ossuary  | Reached skill level 5 in Unarmed Combat
  1119 | Ossuary  | Reached ** piety under Cheibriados
  1122 | Ossuary  | Reached XP level 8. HP: 46/66 MP: 12/16
  1248 | D:6      | Found a glowing drain.
  1287 | Sewer    | Entered a sewer
  1475 | Sewer    | Reached *** piety under Cheibriados
  1476 | Sewer    | Reached skill level 5 in Spellcasting
  1578 | Sewer    | Reached skill level 5 in Transmutations
  1655 | D:6      | Identified the +8 dagger of Fidae {antimagic, Fly}
  1802 | D:7      | Found a flagged portal.
  1818 | Bailey   | Entered a bailey
  1828 | Bailey   | Learned a level 4 spell: Ice Form
  1838 | Bailey   | Reached **** piety under Cheibriados
  1840 | Bailey   | Reached skill level 1 in Necromancy
  1867 | Bailey   | Reached skill level 5 in Invocations
  1867 | Bailey   | Gained mutation: You passively map the area around you.
                  | [Meteoran growth]
  1867 | Bailey   | Reached XP level 9. HP: 55/72 MP: 17/17
  1957 | Bailey   | Noticed an orc warlord
  1958 | Bailey   | Noticed an orc knight
  1967 | Bailey   | Reached skill level 5 in Fighting
  1973 | Bailey   | Killed an orc knight
  2012 | Bailey   | Reached ***** piety under Cheibriados
  2054 | Bailey   | Reached XP level 10. HP: 67/81 MP: 18/18
  2059 | Bailey   | Annihilated by an orc warlord

Illustrated notes

Levels and vault maps discovered:
D:1:      dpeg_arrival_radiant, layout_loops_ring,
          ebering_ecumenical_altar_mist, chequers_serial_rivers_micro_a,
          grunt_decor_cap, chequers_serial_rivers_room_a
D:2:      layout_loops_corners, basic_altar, minmay_circled_x,
          uniq_crazy_yiuf_cottage
D:3:      layout_rooms, mainiacjoe_overflow_divided_tiny,
          minmay_randomly_rotated_circles
D:4:      layout_loops_corners
D:5:      layout_layer_cave, minivault_23
D:6:      layout_rooms, minmay_temple_entry_stoned_glass, enter_ossuary_4,
          gup_sewer_entry_glass, hangedman_abyss_or_decor_jellyfish_corner
D:7:      layout_basic, eat_drink_and_be_merry_uskayaw, enter_bailey_6
Bailey:   bailey_axe_minmay_hex_keep, bailey

Skill      XL: |  1  2  3  4  5  6  7  8  9 |
---------------+----------------------------+-----
Spellcasting   | 3 4 5 |  5.0
Unarmed Combat | 4 5 6 |  6.9
Invocations    | 1 2 3 5 6 |  6.1
Transmutations | 3 4 5 6 |  6.4
Fighting       | 2 3 4 5 |  5.5
Ice Magic      | 1 2 3 4 |  4.9
Necromancy     | 1 4 |  4.4
Dodging        | |  2.4

Action                   |  1- 3 |  4- 6 |  7- 9 | 10-12 || total
-------------------------+-------+-------+-------+-------++-------
Melee: Unarmed           |    31 |   100 |   269 |     6 ||   406
       Kick              |     4 |    19 |    37 |       ||    60
       Punch             |     2 |     3 |     6 |       ||    11
       Headbutt          |     2 |    20 |    30 |       ||    52
 Cast: Beastly Appendage |     5 |    16 |    16 |       ||    37
       Wereblood         |       |     6 |    18 |       ||    24
       Ice Form          |       |       |     5 |       ||     5
Evoke: Wand              |       |     2 |     5 |       ||     7
  Use: Potion            |     1 |     1 |     6 |       ||     8
       Scroll            |       |       |    11 |       ||    11
Armor: Robe              |     3 |    24 |    45 |       ||    72
       Skin              |       |     6 |   158 |       ||   164
Dodge: Dodged            |    14 |    52 |   181 |     1 ||   248

Table legend: (Time is in decaauts)
 A = Elapsed time spent in this place.
 B = Non-inter-level travel time spent in this place.
 C = Inter-level travel time spent in this place.
 D = Time resting spent in this place.
 E = Time spent auto-exploring this place.
 F = Levels seen in this place.
 G = Mean time per level.
                   A        B        C        D        E       F      G
               +--------+--------+--------+--------+--------+-----+--------+
         Total |   2587 |   2478 |    109 |     57 |     23 |  10 |  258.7 |
       Dungeon |   1712 |   1603 |    109 |     44 |     23 |   7 |  244.6 |
         Sewer |    457 |    457 |      0 |     13 |      0 |   1 |  457.0 |
       Ossuary |    105 |    105 |      0 |      0 |      0 |   1 |  105.0 |
        Bailey |    311 |    311 |      0 |      0 |      0 |   1 |  311.0 |
               +--------+--------+--------+--------+--------+-----+--------+

Top non-repeatable levels by time:
     D:6: 483 daAuts
   Sewer: 457 daAuts
  Bailey: 311 daAuts
     D:5: 294 daAuts
     D:3: 283 daAuts
     D:4: 219 daAuts
     D:2: 182 daAuts
     D:1: 161 daAuts
 Ossuary: 105 daAuts
     D:7: 87 daAuts
